 Dungeon Crawl Stone Soup version 0.29-a0-721-g7f417c9bbb (webtiles) character file.

Game seed: 16761528741319833579

46085 MoonlitKnight the Severer (level 14, -2/135 HPs)
             Began as a Hill Orc Fighter on June 27, 2022.
             Was a Follower of Uskayaw.
             Slain by a catoblepas (19 damage)
             ... on level 6 of the Lair of Beasts.
             The game lasted 00:42:33 (25383 turns).

MoonlitKnight the Severer (Hill Orc Fighter)       Turns: 25383, Time: 00:42:33

Health: -2/135     AC: 20    Str: 30    XL:     14   Next: 36%
Magic:  23/23      EV: 12    Int:  8    God:    Uskayaw [*.....]
Gold:   1352       SH:  7    Dex: 16    Spells: 13/13 levels left

rFire   . . .      SeeInvis .   a - +0 war axe
rCold   . . .      Faith    .   V - +2 buckler
rNeg    . . .      Spirit   .   O - +1 plate armour {rPois}
rPois   +          Reflect  .   U - +1 helmet
rElec   .          Harm     .   (no cloak)
rCorr   .          Rampage  .   y - +1 pair of gloves
Will    +....                   (no boots)
Stlth   ..........              (no amulet)
HPRegen 0.32/turn               F - +6 ring of dexterity
MPRegen 0.18/turn               J - +6 ring of strength

@: no status effects
A: no striking features
a: Renounce Religion, Stomp


You were on level 6 of the Lair of Beasts.
You worshipped Uskayaw.
Uskayaw was pleased with you.
You visited 3 branches of the dungeon, and saw 18 of its levels.

You collected 1352 gold pieces.

Inventory:

Hand Weapons
 a - a +0 war axe (weapon)
 b - a +2 vorpal flail
Missiles
 j - 41 poisoned darts
 p - 178 stones
 x - 2 throwing nets (quivered)
 z - 8 curare-tipped darts
Armour
 y - a +1 pair of gloves (worn)
 O - a +1 plate armour of poison resistance (worn)
 U - a +1 helmet (worn)
 V - a +2 buckler (worn)
Jewellery
 F - a +6 ring of dexterity (left hand)
 J - a +6 ring of strength (right hand)
 L - a ring of ice
 T - a ring of fire
Wands
 E - a wand of iceblast (11)
 M - a wand of mindburst (33)
 N - a wand of light (7)
 P - a wand of paralysis (17)
 X - a wand of polymorph (2)
Scrolls
 c - a scroll of magic mapping
 f - 7 scrolls of teleportation
 g - 2 scrolls of torment
 h - a scroll of poison
 i - a scroll of silence
 k - 6 scrolls of blinking
 m - 2 scrolls of fear
 q - 3 scrolls of immolation
 r - 2 scrolls of enchant armour {unknown}
 s - 3 scrolls of fog {unknown}
 w - 2 scrolls of acquirement {unknown}
 C - 2 scrolls of enchant weapon
 I - a scroll of identify
 Q - 4 scrolls of vulnerability
 R - a scroll of summoning {unknown}
Potions
 d - 4 potions of might
 e - 2 potions of lignification
 l - 4 potions of heal wounds
 n - a potion of haste {unknown}
 o - 3 potions of mutation {unknown}
 t - 8 potions of curing
 v - 3 potions of cancellation {unknown}
 A - 9 potions of flight
 B - 2 potions of attraction {unknown}
 D - a potion of berserk rage {unknown}
 G - 2 potions of ambrosia {unknown}
 H - 3 potions of brilliance {unknown}
 K - a potion of magic {unknown}
 W - a potion of degeneration {unknown}
Miscellaneous
 u - a tin of tremorstones (2/2)
 S - a phial of floods


   Skills:
 - Level 15.0 Fighting
 - Level 16.0 Axes
 - Level 10.0 Armour
 - Level 10.0 Dodging
 - Level 3.2 Shields
 - Level 12.0 Invocations
 + Level 4.6 Evocations


You had 13 spell levels left.
You didn't know any spells.
Your spell library contained the following spells:

 Spells                   Type           Power      Damage    Failure   Level
 Foxfire                  Conj/Fire      0%         2x1d4     99%         1
 Sandblast                Erth           0%         2d4       99%         1
 Slow                     Hex            0%         N/A       99%         1
 Blink                    Tloc           0%         N/A       99%         2
 Passwall                 Tmut/Erth      0%         N/A       99%         2
 Confusing Touch          Hex            0%         N/A       100%        3
 Lesser Beckoning         Tloc           0%         N/A       100%        3
 Ozocubu's Armour         Ice            0%         N/A       100%        3
 Portal Projectile        Hex/Tloc       0%         N/A       100%        3
 Stone Arrow              Conj/Erth      0%         3d7       100%        3
 Tukima's Dance           Hex            0%         N/A       100%        3
 Vampiric Draining        Necr           0%         2d6       100%        3
 Animate Armour           Summ/Erth      0%         N/A       100%        4
 Animate Dead             Necr           0%         N/A       100%        4
 Fulminant Prism          Conj/Hex       0%         3d6       100%        4
 Iskenderun's Mystic Bla  Conj/Tloc      0%         2d3       100%        4
 Petrify                  Tmut/Erth      0%         N/A       100%        4
 Blade Hands              Tmut           0%         N/A       100%        5
 Borgnjor's Vile Clutch   Necr/Erth      0%         N/A       100%        5
 Iskenderun's Battlesphe  Conj           0%         2d6       100%        5
 Lee's Rapid Deconstruct  Erth           0%         3d5*      100%        5
 Manifold Assault         Tloc           0%         N/A       100%        5
 Metabolic Englaciation   Hex/Ice        0%         N/A       100%        5
 Death Channel            Necr           0%         N/A       100%        6
 Dispersal                Tloc           0%         N/A       100%        6
 Iron Shot                Conj/Erth      0%         9d1       100%        6
 Statue Form              Tmut/Erth      0%         N/A       100%        6
 Ozocubu's Refrigeration  Ice            0%         4d5       100%        7
 Spellforged Servitor     Conj/Summ      0%         N/A       100%        7
 Storm Form               Tmut/Air       0%         N/A       100%        7
 Disjunction              Tloc           0%         N/A       100%        8
 Lehudib's Crystal Spear  Conj/Erth      0%         10d2      100%        8


Dungeon Overview and Level Annotations

Branches:
Dungeon (11/15)            Temple (1/1) D:5            Lair (6/6) D:11
 Shoals (0/4) Lair:2       Spider (0/4) Lair:4        Slime (0/5) Lair:5
    Orc (0/2) D:9

Altars:
Ashenzari
Cheibriados
Dithmenos
Elyvilon
Fedhas
Gozag
Hepliaklqana
Kikubaaqudgha
Makhleb
Nemelex Xobeh
Okawaru
Qazlal
Ru
Sif Muna
Trog
Uskayaw
Vehumet
Wu Jian
Xom
Yredelemnul
Zin
The Shining One

Shops:
D:1 :   D:9 (

Portals:
Trove: D:11 (give 2 scrolls of acquirement)

Annotations:
D:10 1 runed translucent door, MagicSucks's ghost, journeyman NaAK
D:11 2 transporters, negitausen's ghost, journeyman MiBe


Message History

You are engulfed in calcifying dust.
The yak is no longer petrified.
The death yak gores you.
The catoblepas gores you but does no damage.
You are engulfed in calcifying dust.
The catoblepas gores you. The death yak gores you.
You are engulfed in calcifying dust.
The catoblepas gores you!
The death yak gores you but does no damage.
You can no longer pass through a line of other dancers.
You are engulfed in calcifying dust.
The death yak is no longer petrified.
The death yak gores you! The death yak gores you.
The catoblepas gores you but does no damage.
You are engulfed in calcifying dust.
The death yak gores you. The catoblepas gores you. The death yak gores you!!
The death yak gores you. The catoblepas gores you! The death yak gores you!
The death yak gores you.
The death yak gores you but does no damage.
The catoblepas completely misses you.
You turn to flesh and can move again.
The death yak attacks as you move away! The death yak closely misses you.
The catoblepas gores you!!
* * * LOW HITPOINT WARNING * * *
You slice the catoblepas!!
The catoblepas is moderately wounded.
You hit the death yak. x2
The death yak gores you but does no damage.
The death yak closely misses you.
You feel much better.
The death yak gores you but does no damage.
You block the death yak's attack. The catoblepas gores you!!
* * * LOW HITPOINT WARNING * * *
The death yak attacks as you move away! The death yak gores you!
* * * LOW HITPOINT WARNING * * *
The catoblepas breathes a plume of calcifying dust at you.
The blast of calcifying dust hits you but does no damage.
The yak attacks as you move away! You block the yak's attack.
The death yak gores you but does no damage.
You block the catoblepas's attack.
The catoblepas attacks as you move away!
The catoblepas gores you!!
You die...

### #..# #Y.P# ##.###
#.###Y..##
##....####....Y...#
#......##..Y..###..#
##.†....#...### #..##...Y.##
#.YY###.### ##YYY#######
...........# ##Y@.###.P#
...........## ##......#
............###......###
................8......###
....................8....###
.................8.........#
......................8....#
...............8......PP..##
#......†............#..P..#


You could see 4 death yaks, a catoblepas and a yak.

Vanquished Creatures
  A quicksilver ooze (Lair:4)
  A boulder beetle (Lair:4)
  2 hydras
  A catoblepas (Lair:6)
  A centaur warrior (D:10)
  Erica (D:9)
  3 death yaks (Lair:5)
  Sonja (D:10)
  Nergalle (Lair:2)
  Pikel (D:7)
  2 ugly things
  A manticore (Lair:6)
  22 elephants
  10 cane toads
  2 black mambas
  11 komodo dragons
  6 rime drakes
  A troll (D:11)
  A polar bear (Lair:4)
  A meliai (Lair:3)
  10 blink frogs
  7 dream sheep (Lair:5)
  4 slime creatures (Lair:4)
  3 vampires
  A shadow (D:10)
  3 wyverns
  A wraith (D:10)
  51 yaks
  3 vampire mosquitoes (D:11)
  2 basilisks
  3 steam dragons
  9 water moccasins
  3 black bears
  2 sky beasts (D:8)
  5 orc warriors
  An ice beast (D:6)
  A centaur (D:6)
  5 ogres
  13 wolves
  A lemure (D:7)
  2 phantoms
  2 kobold brigands
  16 bullfrogs
  2 necrophages (D:6)
  3 scorpions
  11 wights
  8 killer bees
  4 electric eels (Lair:1)
  5 howler monkeys
  4 jellies
  3 gnoll shamans
  6 hounds
  4 orc priests
  6 iguanas
  Terence (D:2)
  14 orc wizards
  Natasha (thrice) (D:2)
  Robin (D:2)
  19 gnolls
  6 adders
  A shadow imp (D:6)
  2 white imps (D:6)
  An ufetubus (D:6)
  A worm (D:2)
  2 dart slugs
  45 orcs
  10 ball pythons
  8 endoplasms
  3 giant cockroaches
  16 hobgoblins
  7 jackals
  7 quokkas
  11 bats
  3 frilled lizards
  19 goblins
  17 kobolds
  5 rats
476 creatures vanquished.

Vanquished Creatures (others)
  45 fungi
  56 plants
101 creatures vanquished.

Grand Total: 577 creatures vanquished

Notes
Turn   | Place    | Note
-------+----------+-------------------------------------------
     0 | D:1      | MoonlitKnight the Hill Orc Fighter began the quest for the
                  | Orb.
     0 | D:1      | Reached XP level 1. HP: 19/19 MP: 1/1
    41 | D:1      | Reached skill level 3 in Axes
   412 | D:1      | Reached XP level 2. HP: 24/26 MP: 2/2
   461 | D:1      | Reached skill level 4 in Axes
   544 | D:1      | Found Onumaoc's Book Boutique.
   633 | D:1      | Reached XP level 3. HP: 23/31 MP: 3/3
  1071 | D:1      | Reached skill level 5 in Axes
  1485 | D:2      | Noticed Robin
  1497 | D:2      | Reached XP level 4. HP: 22/39 MP: 4/4
  1509 | D:2      | Killed Robin
  1514 | D:2      | Reached skill level 6 in Axes
  1898 | D:2      | Noticed Natasha
  1917 | D:2      | Killed Natasha
  1918 | D:2      | Reached XP level 5. HP: 45/45 MP: 5/5
  1921 | D:2      | Found a glowing golden altar of the Shining One.
  2025 | D:2      | Reached skill level 7 in Axes
  2038 | D:2      | Found a faded altar of an unknown god.
  2124 | D:2      | Noticed Terence
  2138 | D:2      | Killed Terence
  2322 | D:2      | Noticed Natasha
  2327 | D:2      | Killed Natasha
  2385 | D:2      | Noticed Natasha
  2399 | D:2      | Killed Natasha
  2400 | D:2      | Reached skill level 8 in Axes
  2400 | D:2      | Reached XP level 6. HP: 28/51 MP: 6/6
  3743 | D:4      | Reached skill level 5 in Fighting
  3763 | D:4      | Reached XP level 7. HP: 11/63 MP: 7/7
  3793 | D:4      | HP: 3/63 [orc/+0 morningstar (9)]
  4178 | D:4      | Found a shadowy altar of Dithmenos.
  4192 | D:4      | Found a bloodstained altar of Trog.
  4914 | D:5      | Entered Level 5 of the Dungeon
  5231 | D:5      | Reached XP level 8. HP: 75/75 MP: 8/8
  5329 | D:5      | Found a blossoming altar of Fedhas.
  5653 | D:5      | Reached skill level 10 in Fighting
  6423 | D:5      | Found a staircase to the Ecumenical Temple.
  6439 | Temple   | Entered the Ecumenical Temple
  6908 | D:5      | Found a glowing golden altar of the Shining One.
  6942 | D:5      | Reached skill level 5 in Armour
  7126 | D:6      | Reached XP level 9. HP: 67/85 MP: 9/9
  7584 | D:6      | Found a snail-covered altar of Cheibriados.
  8448 | D:7      | Found a shimmering altar of Xom.
  8453 | D:7      | Found a shimmering altar of Xom.
  8454 | D:7      | Found a shimmering altar of Xom.
  8454 | D:7      | Found a shimmering altar of Xom.
  8455 | D:7      | Found a shimmering altar of Xom.
  8458 | D:7      | Found a shimmering altar of Xom.
  8458 | D:7      | Found a shimmering altar of Xom.
  9117 | D:7      | Reached skill level 10 in Armour
  9504 | D:7      | Noticed Pikel
  9520 | D:7      | Killed Pikel
  9521 | D:7      | Reached skill level 10 in Axes
  9521 | D:7      | Reached XP level 10. HP: 78/93 MP: 10/10
  9672 | D:7      | Found a sparkling altar of Nemelex Xobeh.
  9844 | D:7      | Reached skill level 11 in Axes
 10640 | D:8      | Reached skill level 12 in Axes
 11015 | D:8      | Reached skill level 13 in Axes
 11404 | D:9      | Found Etsissax's Weapon Boutique.
 11404 | D:9      | Found a staircase to the Orcish Mines.
 11506 | D:9      | Identified the +8 hand axe "Kuju" {vamp, *Corrode rElec rF+
                  | Will+++}
 11555 | D:9      | Reached skill level 14 in Axes
 11706 | D:9      | Noticed Erica
 11721 | D:9      | Killed Erica
 11722 | D:9      | Reached skill level 15 in Axes
 11722 | D:9      | Reached XP level 11. HP: 48/99 MP: 11/11
 12225 | D:9      | Reached skill level 16 in Axes
 12268 | D:9      | Found a glowing silver altar of Zin.
 12488 | D:9      | Found a sacrificial altar of Ru.
 12527 | D:10     | Entered Level 10 of the Dungeon
 12616 | D:10     | Noticed Sonja
 12639 | D:10     | Killed Sonja
 12911 | D:10     | Noticed a centaur warrior
 12925 | D:10     | Killed a centaur warrior
 13078 | D:10     | Noticed MagicSucks's ghost (journeyman NaAK)
 13080 | D:10     | Found a runed translucent door.
 13087 | D:10     | Noticed a brown ugly thing
 13101 | D:10     | Killed a brown ugly thing
 13118 | D:10     | Found a hide-covered altar of Uskayaw.
 13213 | D:10     | Became a worshipper of Uskayaw the Reveller
 13273 | D:10     | Reached * piety under Uskayaw
 13436 | D:10     | Reached ** piety under Uskayaw
 13665 | D:11     | Noticed a brown ugly thing
 13678 | D:11     | Reached *** piety under Uskayaw
 13680 | D:11     | Reached **** piety under Uskayaw
 13682 | D:11     | Reached ***** piety under Uskayaw
 13684 | D:11     | Killed a brown ugly thing
 13733 | D:11     | Reached XP level 12. HP: 73/117 MP: 12/12
 13970 | D:11     | Found a transporter.
 13976 | D:11     | Noticed a two-headed ogre
 13981 | D:11     | Noticed negitausen's ghost (journeyman MiBe)
 13984 | D:11     | Noticed a centaur warrior
 13994 | D:11     | Found a transporter.
 14323 | D:11     | Found a portal to a secret trove of treasure.
 14455 | D:11     | Got the Papyrus of Ashen Fire
 14562 | D:11     | Found a staircase to the Lair.
 14672 | Lair:1   | Entered Level 1 of the Lair of Beasts
 14895 | Lair:1   | Reached skill level 15 in Fighting
 14895 | Lair:1   | Reached skill level 1 in Invocations
 14978 | Lair:1   | Reached skill level 5 in Invocations
 14982 | Lair:1   | Reached ****** piety under Uskayaw
 16043 | Lair:2   | Noticed Nergalle
 16834 | Lair:2   | Reached skill level 10 in Invocations
 16911 | Lair:2   | Killed Nergalle
 17249 | Lair:2   | Found a staircase to the Shoals.
 17630 | Lair:3   | Noticed a seven-headed hydra
 18189 | Lair:3   | Reached XP level 13. HP: 120/126 MP: 20/22
 18408 | Lair:3   | HP: 2/126 [seven-headed hydra (8)]
 18867 | Lair:4   | Found a hole to the Spider Nest.
 18898 | Lair:3   | Reached skill level 1 in Dodging
 19736 | Lair:4   | HP: 5/126 [six-headed hydra (8)]
 20558 | Lair:4   | HP: 4/126 [boulder beetle (4)]
 20574 | Lair:4   | HP: 3/126 [boulder beetle (5)]
 20579 | Lair:4   | Reached skill level 5 in Dodging
 21291 | Lair:4   | Noticed a quicksilver ooze
 21306 | Lair:4   | Killed a quicksilver ooze
 22738 | Lair:5   | Found a staircase to the Slime Pits.
 23729 | Lair:5   | Reached XP level 14. HP: 91/135 MP: 23/23
 24436 | Lair:6   | Entered Level 6 of the Lair of Beasts
 24908 | Lair:6   | Reached skill level 10 in Dodging
 24912 | Lair:6   | Reached skill level 1 in Evocations
 25383 | Lair:6   | Slain by a catoblepas

Illustrated notes

Levels and vault maps discovered:
D:1:      eino_arrival_druids_welcome, layout_basic, serial_shops, shop,
          minmay_vboxes
D:2:      minmay_evil_eye, layout_rooms, hellmonk_ecumenical_altar_crossroads,
          basic_altar, dk_noncrumbling_4, kennysheep_cluttered_room, uniq_robin,
          uniq_natasha, uniq_terence
D:3:      layout_rooms, grunt_ministairs_3, minmay_between
D:4:      corexii_shack_village, layout_basic,
          grunt_dithmenos_smoke_and_mirrors, trog_hazing_becter,
          kennysheep_boxes
D:5:      minmay_skewed_foursquare, layout_basic, mainiacjoe_overflow_alcove_2,
          mainiacjoe_overflow_catwalk, minmay_temple_entry_nine_rooms
D:6:      layout_basic, mainiacjoe_overflow_cross_hatched,
          amcnicky_mini_corridor_feature, minmay_joined_circles
D:7:      layout_cave_pods, nemelex_xobeh_ov_fountains_minmay,
          nicolae_xom_altar_mimics, serial_park, serial_park_avenue1,
          serial_park_tiny_1, serial_park_square3 [serial_park_minivault_5x5_8],
          serial_park_tiny_pond, chequers_garden, uniq_pikel
D:8:      layout_gridville, kennysheep_windowed_goal
D:9:      layout_loops_ring, zin_treasury, nicolae_ru_path_of_blood,
          orc_david_3, uniq_erica
D:10:     layout_irregular_city, kennysheep_mini,
          hellmonk_ghost_happy_afterlife, uniq_sonja
D:11:     layout_rooms, grunt_lair_entry_orc_guard_hut, nzn_ghost_randoct,
          enter_trove_6, grunt_ministairs_6
Temple:   hc_temple_tempest_star
Lair:1:   layout_big_grid, serial_bayou, serial_bayou_lagoon_a,
          serial_bayou_crossing, serial_bayou_lagoon_b, serial_bayou_shore_a,
          infiniplex_staircase_pool
Lair:2:   layout_cave_shapes, shoals_dummy_entry, grunt_megastairs_1,
          uniq_nergalle
Lair:3:   layout_long_grid, lemuel_fruit_fields
Lair:4:   layout_regular_city, hellmonk_spider_entry_not_the_bees,
          nicolae_lair_time_for_slime
Lair:5:   layout_layer_cave, slime_entry_1, lemuel_fruit_fields,
          grunt_megastairs_2
Lair:6:   evilmike_catoblepas_cave, layout_cave_pods, nicolae_lair_lil_pond

Skill      XL: |  1  2  3  4  5  6  7  8  9 10 11 12 13 14 |
---------------+-------------------------------------------+-----
Axes           | 3 4 5 6 8 10 15 16 | 16.0
Fighting       | 6 8 10 14 15 | 15.0
Armour         | 6 10 | 10.0
Invocations    | 12 | 12.0
Dodging        | 9 10 | 10.0
Evocations     | 4 |  4.6
Shields        | |  3.2

Action                   |  1- 3 |  4- 6 |  7- 9 | 10-12 | 13-15 || total
-------------------------+-------+-------+-------+-------+-------++-------
Melee: War axe           |   105 |    20 |     7 |       |   289 ||   421
       Short sword       |       |   162 |   414 |    20 |     9 ||   605
       Battleaxe         |       |       |     9 |   146 |       ||   155
       Hand axe          |       |       |       |   452 |       ||   452
       Punch             |       |       |       |     8 |       ||     8
       Dagger            |       |       |       |     5 |    33 ||    38
       Flail             |       |       |       |       |   160 ||   160
Throw: Dart              |       |     5 |       |       |       ||     5
Evoke: Wand              |       |       |       |     5 |       ||     5
  Use: Scroll            |       |       |     7 |     6 |     6 ||    19
       Potion            |       |       |       |     1 |     5 ||     6
 Stab: Paralysed         |       |       |       |    29 |    52 ||    81
       Petrified         |       |       |       |       |     3 ||     3
       Petrifying        |       |       |       |       |     1 ||     1
Armor: Scale mail        |    63 |   113 |   219 |       |       ||   395
       Plate armour      |       |       |    11 |   294 |   338 ||   643
       Skin              |       |       |       |       |    18 ||    18
Dodge: Dodged            |    58 |    66 |   209 |   227 |   242 ||   802
Block: Buckler           |    39 |    49 |    94 |       |   197 ||   379

Table legend: (Time is in decaauts)
 A = Elapsed time spent in this place.
 B = Non-inter-level travel time spent in this place.
 C = Inter-level travel time spent in this place.
 D = Time resting spent in this place.
 E = Time spent auto-exploring this place.
 F = Levels seen in this place.
 G = Mean time per level.
                   A        B        C        D        E       F      G
               +--------+--------+--------+--------+--------+-----+--------+
         Total |  25366 |  24156 |   1210 |      0 |  19790 |  18 | 1409.2 |
       Dungeon |  15034 |  14185 |    849 |      0 |  11458 |  11 | 1366.7 |
        Temple |    321 |    310 |     11 |      0 |    270 |   1 |  321.0 |
          Lair |  10010 |   9661 |    349 |      0 |   8061 |   6 | 1668.3 |
               +--------+--------+--------+--------+--------+-----+--------+

Top non-repeatable levels by time:
  Lair:4: 2352 daAuts
  Lair:5: 2204 daAuts
  Lair:1: 1896 daAuts
     D:4: 1800 daAuts
     D:1: 1770 daAuts
     D:6: 1608 daAuts
     D:5: 1507 daAuts
     D:8: 1494 daAuts
     D:7: 1478 daAuts
  Lair:3: 1371 daAuts
  Lair:2: 1268 daAuts
     D:2: 1198 daAuts
    D:10: 1173 daAuts
     D:9: 1138 daAuts
    D:11: 1099 daAuts
